 Dungeon Crawl Stone Soup version 0.22-a0-322-g60b3cfd (webtiles) character file.

1228 sankara the Cleaver (level 8, -5/64 HPs)
             Began as a Hill Orc Fighter on Apr 4, 2018.
             Slain by an orc warrior
             ... wielding a +0 flail
              (16 damage)
             ... on level 6 of the Dungeon.
             The game lasted 00:11:51 (4559 turns).

sankara the Cleaver (Hill Orc Fighter)              Turns: 4559, Time: 00:11:52

Health: -5/64      AC:  9    Str: 19    XL:     8   Next: 48%
Magic:  2/8        EV: 10    Int: 10    God:
Gold:   246        SH: 14    Dex: 13    Spells: 7/7 levels left

rFire    . . .     SeeInvis .   a - +0 war axe
rCold    . . .     Gourm    .   c - +0 shield
rNeg     . . .     Faith    .   r - +0 chain mail
rPois    .         Spirit   .   (no helmet)
rElec    .         Reflect  +   (no cloak)
rCorr    .         Harm     .   (no gloves)
MR       +....                  (no boots)
Stlth    ..........             m - +5 amulet of reflection
HPRegen  0.20/turn              g - ring of protection from magic {MR+, !d}
MPRegen  0.11/turn              (no ring)

@: agile
A: talons 1, clumsy 1, MP-powered wands
a: Convert to Beogh


You were on level 6 of the Dungeon.
You were hungry.

You visited 1 branch of the dungeon, and saw 6 of its levels.

You collected 246 gold pieces.

Inventory:

Hand Weapons
 a - a +0 war axe (weapon)
 k - a +0 dagger of electrocution
   (You took it off an orc on level 3 of the Dungeon)
Missiles
 e - 263 stones (quivered)
 p - 11 sling bullets
 t - 4 curare-tipped needles
Armour
 b - a +0 scale mail
 c - a +0 shield (worn)
 r - a +0 chain mail (worn)
   (You found it on level 2 of the Dungeon)
Jewellery
 d - an uncursed amulet of magic regeneration
   (You found it on level 2 of the Dungeon)
 g - a ring of protection from magic (left hand) {MR+, !d}
   (You found it on level 5 of the Dungeon)
 m - a +5 amulet of reflection (around neck)
   (You found it on level 2 of the Dungeon)
 u - an uncursed amulet of regeneration {+regen, !d}
   (You found it on level 5 of the Dungeon)
Wands
 i - a wand of flame (18)
   (You found it on level 4 of the Dungeon)
Scrolls
 h - 4 scrolls of magic mapping {unknown}
 j - 2 scrolls of teleportation {unknown}
 l - 3 scrolls of remove curse {unknown}
 n - a scroll of blinking {unknown}
 s - 8 scrolls of identify {unknown}
 v - a scroll of vulnerability {unknown}
 w - a scroll of fog {unknown}
 x - a scroll of enchant armour {unknown}
Potions
 o - a potion of magic
 q - a potion of berserk rage {unknown}
 B - a potion of brilliance
 C - a potion of agility
Comestibles
 f - 5 rations
 z - 3 chunks of flesh {@w0}


   Skills:
 - Level 3.6 Fighting
 + Level 12.7 Axes
 - Level 3.2 Armour
 - Level 3.2 Shields


You had 7 spell levels left.
You didn't know any spells.

Dungeon Overview and Level Annotations

Branches:
Dungeon (6/15)
 Temple: D:4-7

Altars:
Dithmenos
Fedhas
Gozag
Wu Jian
The Shining One

Annotations:
D:2 Sigmund
D:5 exclusion: oklob plant


Innate Abilities, Weirdness & Mutations

You have sharp toenails.
You are clumsy. (Dex -2)
You expend magic power (3 MP) to strengthen your wands.


Message History

an uncursed shortbow; 7 arrows You see here a black bear skeleton.
You closely miss the orc. The orc hits you but does no damage.
You slash the orc!
You kill the orc!
Your shield and chain mail prevent you from hitting the orc wizard.
The orc wizard miscasts a cantrip.
The orc wizard hits you but does no damage.
You slash the orc wizard!
The orc wizard is heavily wounded.
The orc wizard points at you and mumbles some strange words.
The puff of flame hits you!
The orc priest shouts, "Surrender to Beogh and we'll let you live!"
You barely miss the orc wizard.
The orc wizard is heavily wounded.
The orc wizard barely misses you. x2
Your shield and chain mail prevent you from hitting the orc wizard.
The orc wizard is heavily wounded.
You block the orc wizard's attack.
Your chain mail prevents you from hitting the orc wizard.
The orc wizard is heavily wounded.
You block the orc wizard's attack. x2
You closely miss the orc wizard.
The orc wizard is heavily wounded.
You hit the orc warrior but do no damage.
You block the orc wizard's attack. The orc warrior hits you with a flail.
You hit the orc wizard.
The orc wizard is severely wounded.
You hit the orc warrior.
The orc wizard hits you but does no damage.
The orc priest calls down the wrath of Beogh upon you.
Beogh smites you! You block the orc warrior's attack.
The orc wizard hits you but does no damage.
You are too injured to fight recklessly!
You are too injured to fight recklessly!
You are too injured to fight recklessly!
You slash the orc wizard!
You kill the orc wizard!
You closely miss the orc warrior. The orc warrior barely misses you.
You hit the orc priest.
The orc priest is lightly wounded.
You closely miss the orc warrior.
You are feeling hungry.
You block the orc priest's attack. You block the orc warrior's attack.
You closely miss the orc priest.
The orc priest is lightly wounded.
You closely miss the orc warrior.
The orc priest hits you but does no damage.
Your chain mail prevents you from hitting the orc priest.
The orc priest is lightly wounded.
The orc priest shouts, "Surrender to Beogh and we'll let you live!"
You hit the orc warrior but do no damage.
The orc priest shouts, "Surrender to Beogh and we'll let you live!"
The orc warrior hits you with a flail!
The orc priest mumbles some strange prayers to Beogh against you.
Beogh smites you!
* * * LOW HITPOINT WARNING * * *
You hit the orc priest.
The orc priest is lightly wounded.
You hit the orc warrior but do no damage.
You block the orc warrior's attack. The orc priest completely misses you.
You closely miss the orc priest.
The orc priest shouts, "Join the one true god or die!"
The orc priest is lightly wounded.
You barely miss the orc warrior. The orc warrior hits you with a flail!
* * * LOW HITPOINT WARNING * * *
You block the orc priest's attack.
It was a potion of agility.
You feel agile all of a sudden. You block the orc warrior's attack.
The orc priest closely misses you.
You closely miss the orc priest.
The orc priest is lightly wounded.
You hit the orc warrior. You barely miss the orc priest.
The orc priest is lightly wounded.
You closely miss the orc warrior. You block the orc priest's attack.
You block the orc warrior's attack.
It was a potion of mutation.
You feel extremely strange.
Your toenails lengthen and sharpen.
You feel clumsy.
You feel your magical essence link to your wands.
The orc priest hits you but does no damage.
You block the orc warrior's attack.
Evoke which item? (* to show all) (? for menu, Esc to quit)
Aiming: Throw Flame
Press: ? - help, Shift-Dir - straight line, f - orc warrior
Aim: an orc warrior, wielding a flail and wearing a plate armour (moderately wounded)
The puff of flame hits the orc warrior.
The orc warrior is moderately wounded.
You feel a surge of power! You block the orc priest's attack.
The orc warrior closely misses you.
Evoke which item? (* to show all) (? for menu, Esc to quit)
Aiming: Throw Flame
Press: ? - help, Shift-Dir - straight line, f/p - orc warrior
Aim: an orc warrior, wielding a flail and wearing a plate armour (moderately wounded)
The puff of flame hits the orc warrior.
The orc warrior is moderately wounded.
You feel a surge of power! The orc priest hits you with a club.
* * * LOW HITPOINT WARNING * * *
The orc warrior hits you with a flail!
You die...

..#.# #.##o.# ##......##
....### #.##..####........##
..#...# #.##..o##..........#
###...# #.###..)...........#
# ##### #.##..##...........#
# #.....###..........# #
#.....# #..........#
##########.....####........##
##............oo@o÷.........#
###########...)###..........#
# #....# #..........# #
#....# #..........# #....#
#..........# ######
##........## ##......##
########


You could see an orc warrior, an orc priest and an orc.

Vanquished Creatures
  Duvessa (D:4)
  A phantom (D:5)
  A black bear (D:6)
  An ice beast (D:5)
  An ogre (D:6)
  A centaur (D:6)
  2 bullfrogs (D:6)
  Dowan (D:4)
  A scorpion (D:4)
  A centaur skeleton (D:4)
  3 bullfrog skeletons
  2 orc wizards
  An iguana (D:4)
  3 worker ants
  A hound skeleton (D:4)
  7 adders
  An ooze (D:3)
  An adder skeleton (D:4)
  3 worms (D:3)
  3 leopard geckos
  13 orcs
  5 giant cockroaches
  13 goblins
  10 hobgoblins
  4 jackals (D:4)
  2 quokkas
  7 bats
  8 frilled lizards
  7 kobolds
  17 rats
122 creatures vanquished.

Notes
Turn   | Place    | Note
-------+----------+-------------------------------------------
     0 | D:1      | sankara the Hill Orc Fighter began the quest for the Orb.
     0 | D:1      | Reached XP level 1. HP: 19/19 MP: 1/1
    37 | D:1      | Reached skill level 3 in Axes
   186 | D:1      | Reached XP level 2. HP: 21/26 MP: 2/2
   360 | D:1      | Reached skill level 4 in Axes
   512 | D:1      | Reached XP level 3. HP: 31/31 MP: 3/3
   963 | D:2      | Reached skill level 5 in Axes
  1028 | D:2      | Reached XP level 4. HP: 33/39 MP: 4/4
  1041 | D:2      | Found a shadowy altar of Dithmenos.
  1059 | D:2      | Found an ornate altar of the Wu Jian Council.
  1107 | D:2      | Reached skill level 6 in Axes
  1240 | D:2      | Noticed Sigmund
  1299 | D:2      | HP: 6/39 [something/magic dart (6)]
  1308 | D:2      | HP: 2/39 [something/magic dart (3)]
  1711 | D:3      | Found an opulent altar of Gozag.
  2043 | D:3      | Reached XP level 5. HP: 45/45 MP: 5/5
  2122 | D:3      | Reached skill level 7 in Axes
  2659 | D:4      | Noticed an ogre
  2675 | D:4      | Reached skill level 8 in Axes
  2675 | D:4      | Reached XP level 6. HP: 41/51 MP: 6/6
  2740 | D:4      | HP: 4/51 [ogre/giant spiked club (19)]
  3013 | D:4      | Noticed Dowan
  3014 | D:4      | Noticed Duvessa
  3074 | D:4      | Killed Duvessa
  3074 | D:4      | Reached skill level 9 in Axes
  3078 | D:4      | Killed Dowan
  3180 | D:4      | Reached XP level 7. HP: 48/57 MP: 7/7
  3321 | D:4      | Reached skill level 10 in Axes
  3522 | D:4      | Found a glowing golden altar of the Shining One.
  3575 | D:5      | Entered Level 5 of the Dungeon
  3774 | D:5      | Found a blossoming altar of Fedhas.
  3795 | D:5      | Noticed an oklob plant
  3937 | D:5      | Reached skill level 11 in Axes
  4100 | D:6      | Reached XP level 8. HP: 64/64 MP: 8/8
  4247 | D:6      | Reached skill level 12 in Axes
  4553 | D:6      | HP: 11/64 [orc warrior/flail (7)]
  4557 | D:6      | Gained mutation: You have sharp toenails. [potion of mutation]
  4557 | D:6      | Gained mutation: You are clumsy. (Dex -2) [potion of mutation]
  4557 | D:6      | Gained mutation: You expend magic power (3 MP) to strengthen your wands. [potion of mutation]
  4559 | D:6      | HP: 11/64 [orc priest/club (1)]
  4559 | D:6      | Slain by an orc warrior

Vault maps used:
D:1:      dpeg_arrival_subterranean_lakeside_camping, minmay_tromino_v2
D:2:      grunt_dithmenos_smoke, lemuel_crystal_altar, uniq_sigmund
D:3:      first_ration, nicolae_gozag_seed_capital
D:4:      tso_oasis_becter, serial_glass, glass_columns_c, glass_columns_a,
          feat_on_display, feat_on_display, minmay_strange_pillars,
          minmay_box_of_dots, uniq_duvessa
D:5:      tgw_fedhas
D:6:      kennysheep_generic_room_5

Skill      XL: |  1  2  3  4  5  6  7  8 |
---------------+-------------------------+-----
Axes           | 3 4 5 6 8 9 11 12 | 12.7
Fighting       | |  3.6
Armour         | |  3.2
Shields        | |  3.2

Action                   |  1- 3 |  4- 6 |  7- 9 || total
-------------------------+-------+-------+-------++-------
Melee: War axe           |   139 |   207 |   128 ||   474
Throw: Stone             |       |    38 |       ||    38
Evoke: Wand              |       |       |     7 ||     7
  Use: Potion            |       |     7 |     2 ||     9
  Eat: Chunk             |     1 |     7 |     4 ||    12
Armor: Scale mail        |    88 |     4 |       ||    92
       Chain mail        |       |    97 |    40 ||   137
       Skin              |       |    17 |       ||    17
Dodge: Dodged            |    50 |    30 |    16 ||    96
Block: Shield            |    79 |   177 |    90 ||   346
       Reflection        |       |       |     3 ||     3

Table legend:
 A = Spawn XP
 B = Non-spawn XP
 C = Spawn XP percentage of total XP
 D = Spawn monster count
 E = Non-spawn monster count
 F = Spawn count percentage of total count
 G = Total turns spent on level
                    A         B        C        D         E        F      G
               +---------+---------+-------+---------+---------+-------+---------
         Total |       0 |    1755 |   0.0 |       0 |     122 |   0.0 |  4559
               +---------+---------+-------+---------+---------+-------+---------
           D:1 |       0 |      51 |   0.0 |       0 |      31 |   0.0 |  1236
           D:2 |       0 |      79 |   0.0 |       0 |      22 |   0.0 |   474
           D:3 |       0 |     121 |   0.0 |       0 |      35 |   0.0 |  1215
           D:4 |       0 |     512 |   0.0 |       0 |      20 |   0.0 |   650
           D:5 |       0 |     384 |   0.0 |       0 |       6 |   0.0 |   523
           D:6 |       0 |     608 |   0.0 |       0 |       8 |   0.0 |   461
               +---------+---------+-------+---------+---------+-------+---------

Vault maps used:
D:1:      dpeg_arrival_subterranean_lakeside_camping, minmay_tromino_v2
D:2:      grunt_dithmenos_smoke, lemuel_crystal_altar, uniq_sigmund
D:3:      first_ration, nicolae_gozag_seed_capital
D:4:      tso_oasis_becter, serial_glass, glass_columns_c, glass_columns_a,
          feat_on_display, feat_on_display, minmay_strange_pillars,
          minmay_box_of_dots, uniq_duvessa
D:5:      tgw_fedhas
D:6:      kennysheep_generic_room_5

Table legend:
 A = Turns spent in this place as a percentage of turns spent in the entire game.
 B = Non-inter-level travel turns spent in this place as a percentage of non-inter-level travel turns spent in the entire game.
 C = Inter-level travel turns spent in this place as a percentage of turns spent in this place.
 D = Turns resting spent in this place as a percentage of non-inter-level travel turns spent in this place.
 E = Turns spent auto-exploring this place as a percentage of non-inter-level travel turns spent in this place.
 F = Non-inter-level travel turns spent in this place divided by the number of levels of this place that you've seen.
                   A       B       C       D       E      F
               +-------+-------+-------+-------+-------+----------------------
         Total | 100.0 | 100.0 |   2.9 |  17.6 |  56.5 | 737.8
       Dungeon | 100.0 | 100.0 |   2.9 |  17.6 |  56.5 | 737.8
               +-------+-------+-------+-------+-------+----------------------

Table legend:
 A = Kills in this place as a percentage of kills in entire the game.
 B = Kills by you in this place as a percentage of kills by you in the entire game.
 C = Kills by friends in this place as a percentage of kills by friends in the entire game.
 D = Other kills in this place as a percentage of other kills in the entire game.
 E = Experience gained in this place as a percentage of experience gained in the entire game.
 F = Experience gained in this place divided by the number of levels of this place that you have seen.
                   A       B       C       D       E      F
               +-------+-------+-------+-------+-------+----------------------
         Total | 100.0 | 100.0 |   N/A |   N/A | 100.0 | 292.5
       Dungeon | 100.0 | 100.0 |   N/A |   N/A | 100.0 | 292.5
               +-------+-------+-------+-------+-------+----------------------
